 Dungeon Crawl Stone Soup version 0.26-a0-1102-g347fe5baa7 (webtiles) character file.

Game seed: 2977366566244184424

70 DarkMailMan the Grave Robber (level 4, -1/30 HPs)
             Began as a Vampire Necromancer on Dec 16, 2020.
             Killed by nerve-wracking pain
             ... invoked by an orc priest
              (8 damage)
             ... on level 3 of the Dungeon.
             The game lasted 00:04:35 (2090 turns).

DarkMailMan the Grave Robber (Vampire Necromancer)  Turns: 2090, Time: 00:04:36

Health: -1/30      AC:  4    Str:  7    XL:     4   Next: 3%
Magic:  5/8        EV: 13    Int: 18    God:
Gold:   163        SH:  0    Dex: 14    Spells: 7/8 levels left

rFire    . . .     SeeInvis +   k - +3 dagger (speed)
rCold    . . .     Faith    .   (no shield)
rNeg     . . .     Spirit   .   a - +0 robe
rPois    .         Reflect  .   n - +0 helmet
rElec    .         Harm     .   (no cloak)
rCorr    .         Rampage  .   p - +0 pair of gloves
Will     .....                  (no boots)
Stlth    ++........             (no amulet)
HPRegen  0.30/turn              (no ring)
MPRegen  0.11/turn              (no ring)

@: regenerating quickly
A: fangs 3, see invisible, unbreathing
a: Exsanguinate


You were on level 3 of the Dungeon.
You visited 1 branch of the dungeon, and saw 3 of its levels.

You collected 163 gold pieces.

Inventory:

Hand Weapons
 d - a +0 short sword
 e - a +1 dagger of venom
 k - a +3 dagger of speed (weapon)
Armour
 a - a +0 robe (worn)
 n - a +0 helmet (worn)
 p - a +0 pair of gloves (worn)
Scrolls
 c - a scroll of enchant weapon
 f - a scroll of remove curse
 i - a scroll of fog {unknown}
 j - 5 scrolls of identify {unknown}
 m - a scroll of immolation {unknown}
 o - 2 scrolls of teleportation {unknown}
 r - a scroll of amnesia {unknown}
Potions
 b - a potion of attraction {unknown}
 h - a potion of lignification {unknown}
 l - a potion of haste {unknown}
 q - a potion of brilliance {unknown}
 s - a potion of might {unknown}


   Skills:
 + Level 0.2 Fighting
 + Level 2.5 Dodging
 + Level 3.5 Stealth
 - Level 0.3 Unarmed Combat
 + Level 2.7 Spellcasting
 + Level 5.2 Necromancy


You had 7 spell levels left.
You knew the following spells:

 Your Spells              Type           Power        Failure   Level
a - Pain                  Necr           ###.         1%          1

Your spell library contained the following spells:

 Spells                   Type           Power        Failure   Level
 Animate Skeleton         Necr           ###...       1%          1
 Vampiric Draining        Necr           ###.......   6%          3
 Animate Dead             Necr           ###.......   19%         4
 Agony                    Necr           ###.....     47%         5


Dungeon Overview and Level Annotations

Branches:
Dungeon (3/15)

Altars:
Ru


Innate Abilities, Weirdness & Mutations

Your natural rate of healing is unusually fast.
You have razor-sharp teeth.
You have supernaturally acute eyesight. (SInv)
You can survive without breathing.


Message History

As you read the scroll labelled ZORIGG LONUBU, it crumbles to dust.
It is a scroll of enchant weapon.
Your +2 dagger of speed glows red for a moment.
The orc wizard looks satisfied for a moment.
The orc completely misses you.
The orc priest begins to cast a cantrip, but forgets the words!
The orc wizard hits you with a +0 dagger.
* * * LOW HITPOINT WARNING * * *
As you read the scroll labelled XICEIS HEZO, it crumbles to dust.
You feel blessed for a moment.
It was a scroll of remove curse.
The orc wizard barely misses you. The orc barely misses you.
The orc priest closely misses you.
As you read the scroll labelled AZURRA GOD PEL, it crumbles to dust.
You assume a fearsome visage.
The orc wizard looks frightened!
The orc looks frightened!
The orc priest resists with some effort.
It was a scroll of fear.
The orc priest mumbles some strange prayers to Beogh against you.
Pain shoots through your body!
You die...

#.... #.....
##########......
#...............
#....<..........
#...............>.
#..<....o.........
........##.#.#........
....#...##.#@# ....#
... #......o.# ....#
.. .#....##.#o###...#
....#.......#.#...#
Ko...##.####...#.####
o.#.##.####...†......
.
.#..#...o..........##
.........##o.####.##.#
.....#.##...## .# #


You could see an orc priest, an orc wizard (fast, invisible, fleeing) and an orc
(fleeing).

Vanquished Creatures
  2 oozes
  3 dart slugs
  A leopard gecko (D:2)
  A giant cockroach (D:2)
  6 hobgoblins
  4 jackals (D:1)
  3 quokkas
  2 ball pythons
  3 bats
  2 frilled lizards
  6 goblins
  10 kobolds
  8 rats
51 creatures vanquished.

Notes
Turn   | Place    | Note
-------+----------+-------------------------------------------
     0 | D:1      | DarkMailMan the Vampire Necromancer began the quest for the
                  | Orb.
     0 | D:1      | Reached XP level 1. HP: 13/13 MP: 3/3
   286 | D:1      | Reached XP level 2. HP: 17/19 MP: 1/5
   669 | D:1      | Reached skill level 5 in Necromancy
   684 | D:1      | Reached XP level 3. HP: 10/24 MP: 4/6
  1409 | D:2      | Found a sacrificial altar of Ru.
  2035 | D:3      | Reached XP level 4. HP: 30/30 MP: 6/8
  2090 | D:3      | Killed from afar by an orc priest

Illustrated notes

Levels and vault maps discovered:
D:1:      lightli_arrival_statuegarden, layout_basic
D:2:      layout_loops_ring, old_standard_altar, nicolae_overflow_hidden_temple,
          dk_noncrumbling_4
D:3:      layout_rooms

Skill      XL: |  1  2 |
---------------+-------+-----
Necromancy     | 5 |  5.2
Fighting       | |  0.2
Dodging        | |  2.5
Stealth        | |  3.5
Unarmed Combat | |  0.3
Spellcasting   | |  2.7

Action                   |  1- 3 |  4- 6 || total
-------------------------+-------+-------++-------
Melee: Unarmed           |    19 |       ||    19
       Bite              |    10 |     1 ||    11
       Dagger            |   105 |     8 ||   113
 Cast: Pain              |    37 |     5 ||    42
  Use: Scroll            |       |     3 ||     3
 Stab: Sleeping          |     5 |       ||     5
Armor: Robe              |    15 |     2 ||    17
Dodge: Dodged            |    57 |     8 ||    65

Table legend: (Time is in decaauts)
 A = Elapsed time spent in this place.
 B = Non-inter-level travel time spent in this place.
 C = Inter-level travel time spent in this place.
 D = Time resting spent in this place.
 E = Time spent auto-exploring this place.
 F = Levels seen in this place.
 G = Mean time per level.
                   A        B        C        D        E       F      G
               +--------+--------+--------+--------+--------+-----+--------+
         Total |   2060 |   1844 |    216 |    180 |   1286 |   3 |  686.7 |
       Dungeon |   2060 |   1844 |    216 |    180 |   1286 |   3 |  686.7 |
               +--------+--------+--------+--------+--------+-----+--------+

Top non-repeatable levels by time:
     D:1: 1093 daAuts
     D:2: 901 daAuts
     D:3: 65 daAuts
